 Dungeon Crawl Stone Soup version 0.30.1-9-gdf580d7c3d (webtiles) character file.

Game seed: 10450278224254261348

13178 Cheops the Spear-Bearer (level 12, -3/88 HPs)
             Began as a Naga Ice Elementalist on Oct 18, 2023.
             Was an Elder of Cheibriados.
             Slain by a manticore (7 damage)
             ... on level 11 of the Dungeon.
             The game lasted 00:51:39 (9706 turns).

Cheops the Spear-Bearer (Naga Ice Elementalist)     Turns: 9706, Time: 00:51:40

Health: -3/88      AC:  6    Str: 30    XL:     12   Next: 3%
Magic:  20/25      EV: 15    Int: 29    God:    Cheibriados [****..]
Gold:   746        SH:  0    Dex: 22    Spells: 5/29 levels left

rFire   x . .        a - +4 trident (flame)
rCold   . . .        (no shield)
rNeg    . . .        N - +0 steam dragon scales
rPois   +            (no helmet)
rElec   .            (no cloak)
rCorr   .            (no gloves)
SInv    +            (no barding)
Will    +++..        h - amulet of regeneration
Stlth   +++          T - ring "Nexaife" {Str+6 Slay+5}
HPRegen 1.14/turn    u - ring of Reary {rF- Will++ EV+5 Str+5}
MPRegen 0.19/turn

%: no passive effects
@: studying Earth Magic, very slow
A: AC +4, large, see invisible, deformed body, poison resistance, slowness 2,
spit poison 1, naga tail 1
a: Spit Poison, Renounce Religion, Bend Time, Temporal Distortion, Slouch


You were on level 11 of the Dungeon.
You worshipped Cheibriados.
Cheibriados was greatly pleased with you.
You visited 2 branches of the dungeon, and saw 12 of its levels.

You collected 746 gold pieces.

Inventory:

Hand Weapons
 a - a +4 trident of flaming (weapon)
 b - a +4 halberd
 c - a +0 spear
 d - a +3 spear
 e - a +0 trident
Missiles
 o - 2 silver javelins
Armour
 f - a +1 robe of cold resistance
 g - a +0 troll leather armour
 N - +0 steam dragon scales (worn)
 S - a +0 robe of fire resistance
Magical Staves
 V - a staff of poison
Jewellery
 h - an amulet of regeneration (around neck)
 t - a +5 ring of evasion
 u - the ring of Reary (right hand) {rF- Will++ EV+5 Str+5}
   (You took it off an orc on level 3 of the Dungeon)

   [ring of evasion]

   EV:        It affects your evasion (+5).
   Str:       It affects your strength (+5).
   rF:        It makes you vulnerable to fire.
   Will:      It greatly increases your willpower.
 L - a ring of protection from cold
 Q - an amulet of guardian spirit
 R - an amulet of the acrobat
 T - the ring "Nexaife" (left hand) {Str+6 Slay+5}
   (You acquired it on level 5 of the Dungeon)

   [ring of strength]

   Str:       It affects your strength (+6).
   Slay:      It affects your accuracy & damage with ranged weapons and melee
   (+5).
Wands
 q - a wand of polymorph (10)
 G - a wand of paralysis (12)
 J - a wand of mindburst (11)
 O - a wand of acid (5)
Scrolls
 k - a scroll of amnesia
 l - 5 scrolls of blinking
 n - 3 scrolls of fog
 p - 3 scrolls of teleportation
 r - a scroll of immolation
 s - 2 scrolls of enchant weapon
 w - a scroll of fear
 y - 2 scrolls of silence
 A - a scroll of poison
 E - 3 scrolls of enchant armour
 M - 2 scrolls of vulnerability
Potions
 i - 2 potions of flight
 j - 7 potions of curing
 m - 2 potions of ambrosia
 x - a potion of cancellation {unknown}
 B - 2 potions of haste {unknown}
 C - a potion of attraction {unknown}
 D - a potion of might {unknown}
 F - 3 potions of lignification
 H - a potion of brilliance
 K - 2 potions of magic
 P - a potion of mutation {unknown}


   Skills:
 + Level 9.1 Polearms
 - Level 1.5 Dodging
 - Level 3.0 Stealth
 - Level 9.0 Spellcasting
 - Level 7.0 Summonings
 - Level 7.0 Necromancy
 - Level 7.0 Ice Magic
 - Level 7.0 Invocations
 - Level 4.0 Evocations


You had 5 spell levels left.
You knew the following spells:

 Your Spells              Type           Power      Damage    Failure   Level
a - Freeze                Ice            100%       1d10      1%          1
d - Vampiric Draining     Necr           52%        2d9       1%          3
h - Hailstorm             Conj/Ice       33%        3d8       3%          3
r - Frozen Ramparts       Ice            100%       1d16      1%          3
A - Ozocubu's Armour      Ice            52%        N/A       1%          3
C - Call Canine Familiar  Summ           52%        N/A       1%          3
D - Dispel Undead         Necr           52%        3d19      2%          4
I - Summon Ice Beast      Ice/Summ       52%        N/A       2%          4

Your spell library contained the following spells:

 Spells                   Type           Power      Damage    Failure   Level
 Necrotise                Necr           100%       1d9       1%          1
 Cigotuvi's Dreadful Rot  Necr/Pois/Air  52%        N/A       2%          2
 Agony                    Necr           52%        N/A       6%          5
 Ice Form                 Ice/Tmut       33%        N/A       10%         4
 Portal Projectile        Hex/Tloc       26%        N/A       12%         3
 Leda's Liquefaction      Hex/Erth       6%         N/A       38%         4
 Olgreb's Toxic Radiance  Pois           13%        N/A       38%         4
 Death Channel            Necr           26%        N/A       34%         6
 Simulacrum               Ice/Necr       26%        N/A       34%         6
 Discord                  Hex            6%         N/A       100%        8
 Ignition                 Fire           6%         3d4       100%        8


Dungeon Overview and Level Annotations

Branches:
Dungeon (10/15)            Temple (1/1) D:6             Orc (0/2) D:9
   Lair: D:8-11

Altars:
Ashenzari
Cheibriados
Dithmenos
Elyvilon
Fedhas
Gozag
Hepliaklqana
Kikubaaqudgha
Makhleb
Nemelex Xobeh
Okawaru
Qazlal
Ru
Sif Muna
Trog
Uskayaw
Vehumet
Wu Jian
Xom
Yredelemnul
Zin
The Shining One

Shops:
D:8 (


Innate Abilities, Weirdness & Mutations

Your serpentine skin is tough. (AC +4)
You have supernaturally acute eyesight. (SInv)
Armour fits poorly on your strangely shaped body.
Your system is resistant to poisons. (rPois)
You cover ground very slowly.
You can spit poison.
You have a snake-like lower body.


Message History

You swing at nothing.
You swing at nothing.
You swing at nothing.
You swing at nothing.
The wall freezes the manticore.
The manticore flicks its tail.
The volley of spikes hits you!!
The barbed spikes become lodged in your body.
* * * LOW HITPOINT WARNING * * *
You swing at nothing.
The wall freezes the manticore.
You impale the manticore!! You burn the manticore.
The manticore is severely wounded.
The frozen ramparts melt away.
The manticore bites you!
* * * LOW HITPOINT WARNING * * *
The manticore claws you but does no damage.
The manticore claws you!
* * * LOW HITPOINT WARNING * * *
You puncture the manticore! You burn the manticore.
The manticore is severely wounded.
The manticore bites you!!
* * * LOW HITPOINT WARNING * * *
The manticore barely misses you. The manticore claws you.
* * * LOW HITPOINT WARNING * * *
You hit the manticore but do no damage.
The manticore is severely wounded.
Okay, then.
Really quaff the potion of lignification? [Y]es or [N]o only, please.
Really quaff the potion of lignification?
Okay, then.
Casting: Freeze (safe; 1% risk of failure)
Confirm with . or Enter, or press ? or * to list all spells.
Aiming: Freeze (safe; 1% risk of failure)
Press: ? - help, Shift-Dir - straight line, f/p - manticore
Aim: a manticore (blue smoke, severely wounded)
You freeze the manticore!
The manticore is almost dead.
You carefully extract the barbed spikes from your body.
The manticore bites you but does no damage.
The manticore claws you!
You die...

#....# ##..#.#
###...#..#[
#.....###.#
#.#..##.c#..
#...##..# .
#§§##D.#.
#§§#..#..
#§@#†#..#. ###
#§§H#..#.[ #..
#§§#§#..#.# #.#
#..#.§#..#. #..#
#..##..#...#..#
#...##..#.#..#
#....##..#..##
##....###H###...
##..............


You could see a manticore.

Vanquished Creatures
  A centaur warrior (D:11)
  2 two-headed ogres (D:9)
  Sonja (D:11)
  An ugly thing (D:11)
  2 cyclopes (D:11)
  A tengu conjurer (D:11)
  2 trolls
  6 hornets
  Sigmund (D:3)
  2 wraiths
  9 yaks
  2 basilisks
  2 steam dragons
  3 water moccasins
  An acid dragon (D:9)
  2 sky beasts
  An ice beast (D:6)
  5 orc warriors
  4 centaurs
  A phantom (D:5)
  4 kobold brigands
  2 bullfrogs (D:7)
  A scorpion (D:5)
  19 wights
  2 killer bees (D:9)
  A howler monkey (D:9)
  4 hounds
  A jelly (D:5)
  2 sleepcaps
  2 gnoll boudas
  11 orc priests
  4 iguanas
  20 orc wizards
  7 gnolls
  4 adders
  3 white imps
  3 dart slugs
  30 orcs
  12 ball pythons
  3 bats
  7 endoplasms
  6 giant cockroaches
  12 hobgoblins
  2 jackals (D:5)
  3 quokkas
  4 frilled lizards
  4 goblins
  10 kobolds
  4 rats (D:1)
236 creatures vanquished.

Vanquished Creatures (collateral kills)
  A two-headed ogre (D:9)
  An orc warrior (D:7)
  An ice beast (D:8)
  An ogre (D:6)
  A bullfrog (D:8)
  A scorpion (D:7)
  A wight (D:9)
  A howler monkey (D:11)
  2 orc wizards
  4 orcs
  A jackal (D:5)
15 creatures vanquished.

Grand Total: 251 creatures vanquished

Notes
Turn   | Place    | Note
-------+----------+-------------------------------------------
     0 | D:1      | Cheops the Naga Ice Elementalist began the quest for the
                  | Orb.
     0 | D:1      | Reached XP level 1. HP: 15/15 MP: 3/3
    65 | D:1      | Reached XP level 2. HP: 3/22 MP: 0/5
   425 | D:1      | Reached XP level 3. HP: 14/28 MP: 1/7
   430 | D:1      | Learned a level 3 spell: Frozen Ramparts
   434 | D:1      | Learned a level 3 spell: Ozocubu's Armour
  1280 | D:2      | Identified the +0 ring mail of the Comet {*Corrode rPois
                  | Dex+4}
  1464 | D:2      | Reached XP level 4. HP: 34/36 MP: 4/8
  1525 | D:2      | Reached skill level 5 in Ice Magic
  1757 | D:2      | Found an ornate altar of the Wu Jian Council.
  2046 | D:3      | Found a sparkling altar of Nemelex Xobeh.
  2122 | D:3      | Noticed Sigmund
  2130 | D:3      | Killed Sigmund
  2131 | D:3      | Reached XP level 5. HP: 42/42 MP: 3/9
  2131 | D:3      | Reached XP level 6. HP: 49/49 MP: 3/10
  2584 | D:3      | Identified the ring of Reary {rF- Will++ EV+5 Str+5}
  2808 | D:3      | Identified a scroll of acquirement
  2815 | D:3      | Learned a level 4 spell: Summon Ice Beast
  3204 | D:4      | Reached skill level 1 in Summonings
  3570 | D:4      | Reached XP level 7. HP: 55/55 MP: 7/11
  3953 | D:5      | Entered Level 5 of the Dungeon
  4221 | D:5      | Reached skill level 1 in Polearms
  4483 | D:5      | Noticed a yak
  4483 | D:5      | Noticed a yak
  4483 | D:5      | Noticed a yak
  4483 | D:5      | Noticed a yak
  4483 | D:5      | Noticed a yak
  4491 | D:5      | Killed a yak
  4492 | D:5      | Reached skill level 5 in Summonings
  4495 | D:5      | Killed a yak
  4496 | D:5      | Reached XP level 8. HP: 62/62 MP: 0/12
  4499 | D:5      | Killed a yak
  4503 | D:5      | Killed a yak
  4504 | D:5      | Killed a yak
  4608 | D:5      | Acquired the ring "Nexaife" {Str+6 Slay+5}
  4694 | D:5      | Learned a level 3 spell: Call Canine Familiar
  4849 | D:5      | Reached XP level 9. HP: 68/68 MP: 8/16
  5139 | D:6      | Found a staircase to the Ecumenical Temple.
  5146 | D:6      | Reached skill level 5 in Spellcasting
  5221 | Temple   | Entered the Ecumenical Temple
  6601 | D:7      | Found a snail-covered altar of Cheibriados.
  6604 | D:7      | Found a hide-covered altar of Uskayaw.
  6608 | D:7      | Found a shimmering altar of Xom.
  6608 | D:7      | Found a bloodstained altar of Trog.
  6615 | D:7      | Found an ancient bone altar of Kikubaaqudgha.
  6662 | D:7      | Became a worshipper of Cheibriados the Contemplative
  7169 | D:8      | Reached skill level 1 in Invocations
  7169 | D:8      | Reached XP level 10. HP: 42/73 MP: 16/22
  7305 | D:8      | Reached skill level 1 in Evocations
  7394 | D:8      | Reached * piety under Cheibriados
  7402 | D:8      | Learned a level 3 spell: Hailstorm
  7669 | D:8      | Found Tausuofi's Firing Range.
  7963 | D:9      | Reached skill level 5 in Invocations
  7968 | D:9      | Reached ** piety under Cheibriados
  8058 | D:9      | Noticed a two-headed ogre
  8069 | D:9      | Killed a two-headed ogre
  8075 | D:9      | Learned a level 3 spell: Vampiric Draining
  8080 | D:9      | Learned a level 4 spell: Dispel Undead
  8146 | D:9      | Found a staircase to the Orcish Mines.
  8260 | D:9      | Noticed a two-headed ogre
  8263 | D:9      | Reached skill level 1 in Necromancy
  8272 | D:9      | Killed a two-headed ogre
  8507 | D:9      | Noticed a two-headed ogre
  8517 | D:9      | Killed a two-headed ogre
  8518 | D:9      | Reached skill level 5 in Necromancy
  8518 | D:9      | Reached XP level 11. HP: 58/81 MP: 10/24
  8706 | D:9      | Found a runed translucent door.
  8930 | D:9      | Found a runed translucent door.
  9133 | D:9      | Reached *** piety under Cheibriados
  9347 | D:9      | Reached skill level 5 in Polearms
  9455 | D:10     | Entered Level 10 of the Dungeon
  9512 | D:10     | You fall into a shaft and drop 1 floor!
  9514 | D:11     | Noticed a brown ugly thing
  9527 | D:11     | Killed a brown ugly thing
  9540 | D:11     | Noticed a cyclops
  9546 | D:11     | Killed a cyclops
  9561 | D:11     | Noticed Sonja
  9572 | D:11     | Reached **** piety under Cheibriados
  9574 | D:11     | Killed Sonja
  9606 | D:11     | Noticed a cyclops
  9611 | D:11     | Killed a cyclops
  9640 | D:11     | Noticed a four-headed hydra
  9685 | D:11     | Noticed a centaur warrior
  9692 | D:11     | Killed a centaur warrior
  9693 | D:11     | Reached XP level 12. HP: 53/88 MP: 19/25
  9704 | D:11     | HP: 2/88 [manticore (4)]
  9706 | D:11     | Slain by a manticore

Illustrated notes

Levels and vault maps discovered:
D:1:      amcnicky_arrival_gap_in_the_tavern_cellar, layout_rooms,
          minmay_octomino_c4
D:2:      layout_loops_ring, basic_altar
D:3:      layout_loops_ring, mainiacjoe_overflow_boulevard, uniq_sigmund
D:4:      layout_basic, minmay_crossroads
D:5:      layout_basic, minmay_misc_feat_rugged, grunt_decor_junction
D:6:      layout_basic, minmay_temple_entry_arrows
D:7:      layout_basic, nicolae_overflow_hallway_of_the_gods
D:8:      layout_basic, nicolae_shop_firing_range
D:9:      cheibrodos_histonic, layout_loops_ring, orc_0_dummy,
          kennysheep_generic_room_8
D:10:     minmay_skewed_foursquare, layout_basic, serial_shops, kennysheep_mini,
          enter_bailey_2, bh_circular_ruins
D:11:     minmay_the_grid_octo_tiled_octocenter
          [minmay_the_grid_octo_concentric, minmay_the_grid_octo_thin_diamonds,
          minmay_the_grid_octo_77, minmay_the_grid_octo_tetromino_candy,
          minmay_the_grid_octo_prize_big_c, minmay_the_grid_square_5x5_detours,
          minmay_the_grid_square_5x5_minivault,
          minmay_the_grid_square_5x5_half_checkered,
          minmay_the_grid_square_5x5_doubleslash], layout_rooms,
          erik_lair_orcish_takeover, uniq_sonja
Temple:   nicolae_temple_bog_church

Skill      XL: |  1  2  3  4  5  6  7  8  9 10 11 |
---------------+----------------------------------+-----
Spellcasting   | 3 4 8 9 |  9.0
Ice Magic      | 6 7 |  7.0
Summonings     | 3 5 7 |  7.0
Polearms       | 2 4 9 |  9.1
Invocations    | 1 7 |  7.0
Evocations     | 4 |  4.0
Necromancy     | 5 7 |  7.0
Dodging        | |  1.5
Stealth        | |  3.0

Action                     |  1- 3 |  4- 6 |  7- 9 | 10-12 || total
---------------------------+-------+-------+-------+-------++-------
  Melee: Unarmed           |     3 |       |       |       ||     3
         Spear             |    27 |    32 |    70 |       ||   129
         Trident           |       |       |    32 |   157 ||   189
         Punch             |       |       |     1 |     2 ||     3
   Cast: Freeze            |    34 |    65 |    76 |    57 ||   232
         Frozen Ramparts   |     1 |     4 |    18 |    26 ||    49
         Ozocubu's Armour  |     1 |       |     5 |    12 ||    18
         Summon Ice Beast  |       |       |     7 |     5 ||    12
         Call Canine Famil |       |       |     5 |     2 ||     7
         Dispel Undead     |       |       |       |     3 ||     3
         Hailstorm         |       |       |       |     1 ||     1
Ability: Spit Poison       |     3 |     1 |     8 |     6 ||    18
    Use: Scroll            |       |     5 |     3 |    10 ||    18
         Potion            |       |       |     1 |     3 ||     4
   Stab: Sleeping          |     2 |     3 |     1 |     2 ||     8
         Distracted        |       |     1 |     1 |       ||     2
 Armour: Robe              |     4 |     8 |    27 |     1 ||    40
         Steam dragon scal |       |       |       |    42 ||    42
         Skin              |       |       |       |     9 ||     9
  Dodge: Dodged            |    18 |    33 |   125 |   154 ||   330
